 Dungeon Sprint DCSS version 0.31-a0-183-g4352c244c2 (webtiles) character file.

Game seed: 11448553599718144530

4194 Conn the Arsonist (level 10, -5/56 HPs)
             Began as an Octopode Fire Elementalist on June 22, 2023.
             Was a Priest of Sif Muna.
             Succumbed to a death drake's foul vapour
             ... in the Dungeon (Sprint II: "The Violet Keep of Menkaure").
             The game lasted 00:20:19 (1827 turns).

Conn the Arsonist (Octopode Fire Elementalist)      Turns: 1827, Time: 00:20:19

Health: -5/56      AC:  3    Str: 14 (15) XL:     10   Next: 29%
Magic:  14/24      EV: 15    Int: 21 (22) God:    Sif Muna [***...]
Gold:   1991       SH:  0    Dex: 12      Spells: 10/30 levels left

rFire   x . .        d - +0 falchion of Demonkind {freeze, *Rage Str+7}
rCold   . . .        (no shield)
rNeg    . . .        (helmet restricted)
rPois   +            (no amulet)
rElec   .            o - ring of poison resistance
rCorr   .            (no ring)
SInv    .            (no ring)
Will    .....        (no ring)
Stlth   ++++         (no ring)
HPRegen 0.29/turn    (no ring)
MPRegen 0.19/turn    (no ring)
                     (no ring)

%: no teleportation, clarity
@: lethally poisoned (-5 -> -41), slowed, very slow
A: almost no armour, amphibious, 8 rings, camouflage 1, gelatinous body 1,
(nimble swimmer 1), tentacles, iridescent scales 1, clarity, deterioration 1,
heat vulnerability 1
a: Renounce Religion, Channel Magic, Forget Spell


You were in the Dungeon.
You worshipped Sif Muna.
Sif Muna was most pleased with you.
You visited 1 branch You collected 2449 gold pieces.
You spent 458 gold pieces at shops.

Inventory:

Hand Weapons
 d - the +0 falchion of Demonkind (weapon) {freeze, *Rage Str+7}
   (You bought it in a shop in the Dungeon)

   Str:       It affects your strength (+7).
   *Rage:     It berserks you when you make melee attacks (+20% chance).
Missiles
 t - 6 poisoned darts
Jewellery
 o - a ring of poison resistance (left tentacle)
Scrolls
 e - 3 scrolls of fear
 g - a scroll of revelation
 j - a scroll of amnesia
 n - 2 scrolls of enchant armour
 r - a scroll of brand weapon
Potions
 a - 5 potions of magic
 c - 3 potions of heal wounds
 h - 3 potions of enlightenment
 k - 3 potions of resistance
 m - a potion of brilliance
 p - a potion of lignification {unknown}
 q - a potion of invisibility {unknown}


   Skills:
 + Level 0.1 Fighting
 + Level 6.3 Dodging
 - Level 7.3 Stealth
 - Level 4.1 Unarmed Combat
 + Level 10.6 Spellcasting
 * Level 6.9 Conjurations
 + Level 2.5 Hexes
 + Level 7.7 Summonings
 + Level 13.4 Fire Magic
 + Level 2.1 Ice Magic
 - Level 6.3 Air Magic
 + Level 0.5 Poison Magic
 * Level 6.1 Invocations


You had 10 spell levels left.
You knew the following spells:

 Your Spells              Type           Power      Damage    Failure   Level
a - Foxfire               Conj/Fire      100%       2x1d9     1%          1
b - Scorch                Fire           100%       2d9       1%          2
c - Inner Flame           Hex/Fire       44%        N/A       1%          3
d - Flame Wave            Conj/Fire      52%        2d13      1%          4
e - Call Imp              Summ           86%        N/A       1%          2
f - Mephitic Cloud        Conj/Pois/Air  30%        N/A       2%          3
g - Magic Dart            Conj           100%       1d8       1%          1
h - Summon Ice Beast      Ice/Summ       31%        N/A       8%          4

Your spell library contained the following spells:

 Spells                   Type           Power      Damage    Failure   Level
 Volatile Blastmotes      Fire/Tloc      78%        2d16      1%          3
 Summon Mana Viper        Hex/Summ       32%        N/A       21%         5
 Monstrous Menagerie      Summ           21%        N/A       91%         7


Dungeon Overview and Level Annotations

Branches:
Dungeon (1/1)

Altars:
Cheibriados
Dithmenos
Elyvilon
Fedhas
Gozag
Hepliaklqana
Kikubaaqudgha
Makhleb
Nemelex Xobeh
Okawaru
Qazlal
Ru
Sif Muna
Trog
Uskayaw
Vehumet
Wu Jian
Xom
Yredelemnul
Zin
The Shining One
Jiyva
Lugonu

Shops:
D ==:!(*:[:?!?[=!

Annotations:
D exclusion: oklob plant, Roxanne


Innate Abilities, Weirdness & Mutations

You cannot wear most types of armour.
You are amphibious.
You can wear up to eight rings at the same time.
Your skin changes colour to match your surroundings (Stealth+).
Your rubbery body absorbs attacks. (AC +1, EV +1)
((You are camouflaged when in or above water. (Stealth+)))
You have tentacles for arms and can constrict up to eight enemies at once.
You are partially covered in iridescent scales. (AC +2)
You possess an exceptional clarity of mind.
Your body sometimes deteriorates upon taking damage.
You are vulnerable to heat. (rF-)


Message History

The death drake is lightly wounded.
The death drake's fire resistance burns away.
You feel very sick.
The death drake is engulfed in blazing flames.
Flame seeps out of the death drake.
The death drake barely misses you.
Casting: Scorch (safe; 1% risk of failure)
Confirm with . or Enter, or press ? or * to list all spells.
Okay, then.
Unknown command.
Unknown command.
Unknown command.
Unknown command.
Casting: Scorch (safe; 1% risk of failure)
Confirm with . or Enter, or press ? or * to list all spells.
A chill wind blows around you.
You feel very sick.
The death drake bites you but does no damage. x2
Casting: Summon Ice Beast (dangerous; 8% risk of failure)
Confirm with . or Enter, or press ? or * to list all spells.
A tiny devil pulls itself out of the air.
You feel very sick.
The death drake is no longer more vulnerable to fire.
The death drake barely misses you.
Something bites your ice beast but does no damage.
Something claws your ice beast.
Something claws your ice beast but does no damage.
The death drake breathes miasma at you. The foul vapour engulfs you!!
You are lethally poisoned!
* * * LOW HITPOINT WARNING * * *
Your ice beast is engulfed in dark miasma.
Your ice beast hits the death drake.
Flame seeps out of the death drake.
Your ice beast freezes the death drake!
Flame seeps out of the death drake.
Unknown command.
Unknown command.
Blink to where?
Press: ? - help, Dir - move target, p - death drake Really blink into a travel-excluded area?
As you read the scroll of blinking, it crumbles to dust.
You die...

~~.## ##.. #::▓)..)..)) ~~##.
.##.#### +.####:)▓........
~~#.m#.. ...# ^..####▓(.[(..[)
### ... ..## #..# $#▓[....[.. #.#
#+# #..# +..# .#▓((.))[..
.####.## #..# #..# .#▓.....(.!
##.'.<.+ +..####..##h#▓.)[.....
...##.## #.§..###.°Y##▓▓▓▓▓▓▓'▓
#.###'## ##..§.@.~~°°k○5°°~)~~..
####...####~§.§§§.~#°########'###
~~#.##..#~~~~~§§..~#....._._#§§§#
#~##.####~~~~~~~~.~#...._._.#§§≈≈
#~~##+##~~~§≈§~~§~~#..._._._#~§~§
##~~~~~~~~~~≈≈≈≈§§§#.._._._.#§~§≈
#+++#+++#~≈§§§§≈≈~#._._._._#§~§§
.~.~~ ##≈≈§###§≈#_._._._.#~§~§
~§.~.~§.§##≈§# #≈§#._._._..#§§§§


You could see a death drake (inner flame, catching breath, ally target), a polar
bear (distracted) and a friendly ice beast (summoned).

Vanquished Creatures
  A kraken (D)
  2 deep trolls (D)
  A yaktaur (D)
  A hornet (D)
  2 polar bears (D)
  4 neqoxecs (D)
  A vampire mosquito (D)
  Menkaure (D)
  4 water moccasins (D)
  A nameless horror (D)
  A swamp drake (D)
  3 worms (D)
  4 tentacles (D)
26 creatures vanquished.

Vanquished Creatures (others)
  62 foxfires (D)
  51 tentacles (D)
113 creatures vanquished.

Grand Total: 139 creatures vanquished

Notes
Turn   | Place    | Note
-------+----------+-------------------------------------------
     0 | D        | Conn the Octopode Fire Elementalist began the quest for the
                  | Orb.
     0 | D        | Reached XP level 1. HP: 11/11 MP: 3/3
     4 | D        | Noticed a merfolk siren
     8 | D        | Noticed a neqoxec
     8 | D        | Noticed a neqoxec
     8 | D        | Noticed a neqoxec
     8 | D        | Noticed a neqoxec
     8 | D        | Gained mutation: You occasionally lose the ability to drink
                  | potions when taking damage. [a neqoxec]
    12 | D        | Gained mutation: You are vulnerable to heat. (rF-) [a
                  | neqoxec]
    13 | D        | Killed a neqoxec
    14 | D        | Reached skill level 7 in Fire Magic
    14 | D        | Reached XP level 2. HP: 17/17 MP: 3/6
    14 | D        | Reached XP level 3. HP: 21/21 MP: 4/8
    14 | D        | Reached XP level 4. HP: 27/27 MP: 4/9
    14 | D        | Reached XP level 5. HP: 31/31 MP: 4/10
    18 | D        | Killed a neqoxec
    19 | D        | Reached skill level 5 in Stealth
    19 | D        | Reached skill level 9 in Fire Magic
    19 | D        | Reached XP level 6. HP: 36/36 MP: 4/13
    20 | D        | Gained mutation: You are dopey. (Int -2) [a neqoxec]
    22 | D        | Killed a neqoxec
    23 | D        | Reached skill level 5 in Dodging
    23 | D        | Reached skill level 5 in Spellcasting
    23 | D        | Reached skill level 10 in Fire Magic
    23 | D        | Gained mutation: You are very dopey. (Int -4) [a neqoxec]
    29 | D        | Gained mutation: You occasionally lose the ability to read
                  | scrolls when taking damage. [a neqoxec]
    32 | D        | Killed a neqoxec
    33 | D        | Reached skill level 11 in Fire Magic
    33 | D        | Reached XP level 7. HP: 22/41 MP: 4/16
    44 | D        | Learned a level 2 spell: Scorch
    48 | D        | Learned a level 3 spell: Inner Flame
    53 | D        | Learned a level 4 spell: Flame Wave
    72 | D        | Found Etecwis's Antique Armour Shop.
    72 | D        | Found Kiaduong's Book Boutique.
    72 | D        | Found Kilaegyu's Distillery.
    72 | D        | Found Anyradu's Magic Scroll Boutique.
    72 | D        | Found Neas's Magic Scroll Boutique.
    72 | D        | Found Igor's Jewellery Boutique.
    73 | D        | Found Lecar's Distillery.
    73 | D        | Found Ustriupis's Antique Armour Shop.
    74 | D        | Found Eroumumi's Book Shop.
    74 | D        | Found Nekk's General Store.
    74 | D        | Noticed a slime creature
    75 | D        | Noticed a slime creature
    76 | D        | Found Lozxeass's Antique Weapon Boutique.
    76 | D        | Found Nuwab's Distillery.
    76 | D        | Noticed Menkaure
    76 | D        | Noticed a slime creature
    76 | D        | Noticed an oklob plant
    85 | D        | Killed Menkaure
    87 | D        | Found Sinoo's Jewellery Shop.
    87 | D        | Found Duedeg's Book Shoppe.
    87 | D        | Found Qaufup's Jewellery Boutique.
    90 | D        | Noticed a fire dragon
    99 | D        | Noticed a great orb of eyes
   106 | D        | Bought a scorched falchion for 144 gold pieces
   106 | D        | Identified the +0 falchion of Demonkind {freeze, *Rage
                  | Str+7} (You bought it in a shop in the Dungeon)
   110 | D        | Bought a book of Minor Magic for 234 gold pieces
   113 | D        | Learned a level 2 spell: Call Imp
   117 | D        | Learned a level 3 spell: Mephitic Cloud
   119 | D        | Learned a level 1 spell: Magic Dart
   130 | D        | Bought a potion of mutation for 80 gold pieces
   131 | D        | Lost mutation: You occasionally lose the ability to drink
                  | potions when taking damage. [potion of mutation]
   131 | D        | Lost mutation: You are very dopey. (Int -4) [potion of
                  | mutation]
   131 | D        | Lost mutation: You occasionally lose the ability to read
                  | scrolls when taking damage. [potion of mutation]
   131 | D        | Gained mutation: You are robust. (+10% HP) [potion of
                  | mutation]
   131 | D        | Lost mutation: You are dopey. (Int -2) [potion of mutation]
   131 | D        | Gained mutation: Your magical capacity is low. (-10% MP)
                  | [potion of mutation]
   131 | D        | Gained mutation: Your flesh is cold resistant. (rC+)
                  | [potion of mutation]
   147 | D        | Noticed a vampire mosquito
   151 | D        | Killed a vampire mosquito
   152 | D        | Reached skill level 12 in Fire Magic
   162 | D        | Noticed Roxanne
   172 | D        | Found a snail-covered altar of Cheibriados.
   173 | D        | Found a shadowy altar of Dithmenos.
   174 | D        | Found a white marble altar of Elyvilon.
   174 | D        | Found an ancient bone altar of Kikubaaqudgha.
   174 | D        | Found a viscous altar of Jiyva.
   175 | D        | Found a blossoming altar of Fedhas.
   175 | D        | Found a corrupted altar of Lugonu.
   175 | D        | Found a shimmering blue altar of Sif Muna.
   175 | D        | Found a hazy altar of Hepliaklqana.
   175 | D        | Found a sacrificial altar of Ru.
   176 | D        | Found an opulent altar of Gozag.
   176 | D        | Found a burning altar of Makhleb.
   176 | D        | Found a bloodstained altar of Trog.
   176 | D        | Found a shimmering altar of Xom.
   177 | D        | Found a sparkling altar of Nemelex Xobeh.
   177 | D        | Found a hide-covered altar of Uskayaw.
   178 | D        | Found a basalt altar of Yredelemnul.
   179 | D        | Found an iron altar of Okawaru.
   179 | D        | Found a radiant altar of Vehumet.
   179 | D        | Found a glowing silver altar of Zin.
   180 | D        | Found a stormy altar of Qazlal.
   180 | D        | Found an ornate altar of the Wu Jian Council.
   180 | D        | Found a glowing golden altar of the Shining One.
   186 | D        | Became a worshipper of Sif Muna the Loreminder
   197 | D        | Reached skill level 1 in Summonings
   197 | D        | Reached skill level 1 in Air Magic
   197 | D        | Reached XP level 8. HP: 50/50 MP: 4/17
   207 | D        | Noticed a kraken
   239 | D        | Reached * piety under Sif Muna
   350 | D        | Lost mutation: You are robust. (+10% HP) [potion of
                  | mutation]
   350 | D        | Lost mutation: Your flesh is cold resistant. (rC+) [potion
                  | of mutation]
   350 | D        | Lost mutation: Your magical capacity is low. (-10% MP)
                  | [potion of mutation]
   350 | D        | Gained mutation: You are partially covered in iridescent
                  | scales. (AC +2) [potion of mutation]
   350 | D        | Gained mutation: You possess an exceptional clarity of
                  | mind. [potion of mutation]
   350 | D        | Gained mutation: Your body sometimes deteriorates upon
                  | taking damage. [potion of mutation]
   479 | D        | Identified 2 scrolls of acquirement
   481 | D        | Acquired 731 gold pieces
   483 | D        | Acquired 922 gold pieces
   660 | D        | Reached skill level 1 in Invocations
   663 | D        | Noticed a flying skull
   684 | D        | Noticed a flying skull
   686 | D        | Noticed a flying skull
   687 | D        | Noticed a flying skull
   720 | D        | Learned a level 4 spell: Summon Ice Beast
   722 | D        | Noticed a deep troll
   727 | D        | Noticed a deep troll
   728 | D        | Noticed a flying skull
   733 | D        | Killed a deep troll
   734 | D        | Reached skill level 5 in Summonings
   734 | D        | Reached XP level 9. HP: 51/51 MP: 5/21
   751 | D        | Killed a deep troll
   751 | D        | Reached ** piety under Sif Muna
   752 | D        | Reached skill level 5 in Conjurations
  1417 | D        | Noticed a yaktaur
  1417 | D        | Noticed a hornet
  1417 | D        | Noticed a polar bear
  1418 | D        | Noticed a polar bear
  1425 | D        | Killed a polar bear
  1434 | D        | Killed a polar bear
  1435 | D        | Reached skill level 1 in Hexes
  1435 | D        | Reached skill level 13 in Fire Magic
  1435 | D        | Reached skill level 5 in Air Magic
  1435 | D        | Killed a hornet
  1441 | D        | Reached skill level 5 in Invocations
  1558 | D        | Killed a yaktaur
  1558 | D        | Reached *** piety under Sif Muna
  1559 | D        | Reached skill level 10 in Spellcasting
  1683 | D        | Killed a kraken
  1684 | D        | Reached XP level 10. HP: 56/56 MP: 3/24
  1817 | D        | Noticed a death drake
  1827 | D        | Succumbed to a death drake's foul vapour

Illustrated notes

Levels and vault maps discovered:
D:        the_violet_keep_of_menkaure [sprint2_stairs_cluster_1,
          sprint2_shoproom, sprint2_temple, sprint2_basic_supplies,
          sprint2_obstacle_6, sprint2_obstacle_5, sprint2_obstacle_7,
          sprint2_obstacle_4, sprint2_obstacle_3, sprint2_timed_cluster_1,
          sprint2_smallroom_cluster_1, sprint2_smallroom_final_cluster_1,
          sprint2_transparent_cluster_1, sprint2_second_timed_cluster_1,
          sprint2_sniper_area_1, sprint2_heavy_combat_area_1,
          sprint2_mutation_trap_area_1, sprint2_forest_area_1,
          sprint2_light_combat_area_1, sprint2_behind_water_1,
          sprint2_near_end_vault_1]

Skill      XL: |  1  2  3  4  5  6  7  8  9 |
---------------+----------------------------+-----
Dodging        | 3 4 5 6 |  6.3
Stealth        | 4 5 6 7 |  7.3
Unarmed Combat | 4 |  4.1
Spellcasting   | 3 4 6 7 8 10 | 10.6
Fire Magic     | 7 9 11 12 13 | 13.4
Conjurations   | 2 3 4 6 |  6.9
Summonings     | 1 5 7 |  7.7
Air Magic      | 1 3 6 |  6.3
Invocations    | 2 6 |  6.1
Hexes          | 2 |  2.5
Ice Magic      | 2 |  2.1
Fighting       | |  0.1
Poison Magic   | |  0.5

Action                     |  1- 3 |  4- 6 |  7- 9 | 10-12 || total
---------------------------+-------+-------+-------+-------++-------
  Melee: Unarmed           |     3 |    15 |       |       ||    18
         Tentacles         |     2 |     6 |       |       ||     8
         Constrict         |     1 |     3 |       |       ||     4
   Cast: Foxfire           |       |     1 |    40 |       ||    41
         Scorch            |       |       |    35 |     1 ||    36
         Call Imp          |       |       |    16 |     1 ||    17
         Inner Flame       |       |       |    21 |     1 ||    22
         Summon Ice Beast  |       |       |     7 |     1 ||     8
         Mephitic Cloud    |       |       |     3 |       ||     3
         Flame Wave        |       |       |     1 |       ||     1
 Invoke: Channel Magic     |       |       |     1 |       ||     1
    Use: Potion            |     2 |       |     8 |     1 ||    11
         Scroll            |       |       |    10 |     1 ||    11
 Armour: Skin              |       |       |     1 |     2 ||     3
  Dodge: Dodged            |     1 |     2 |     8 |     3 ||    14

Table legend: (Time is in decaauts)
 A = Elapsed time spent in this place.
 B = Non-inter-level travel time spent in this place.
 C = Inter-level travel time spent in this place.
 D = Time resting spent in this place.
 E = Time spent auto-exploring this place.
 F = Levels seen in this place.
 G = Mean time per level.
                   A        B        C        D        E       F      G
               +--------+--------+--------+--------+--------+-----+--------+
         Total |   1819 |   1817 |      2 |   1005 |      0 |   1 | 1819.0 |
       Dungeon |   1819 |   1817 |      2 |   1005 |      0 |   1 | 1819.0 |
               +--------+--------+--------+--------+--------+-----+--------+

Top non-repeatable levels by time:
       D: 1819 daAuts
